AoeStats
← Chicle

Arabia

507101282Analyzed
4v4 RM · 16d ago on Sep 16, 2026· 40m 12s· 8 players
Game mode
Random Map
Map size
Large (8 player)
Population
200
Speed
Normal
Resources
Standard
Victory
Conquest
Starting age
Dark Age
Ending age
Imperial Age
RankedLock teamsTeams togetherTeam positionsShared explorationLock speedFull tech treeHidden civsTurbo modeCheats
Victory
Defeat
🇳🇱 Franks · Netherlands
1211
+17
🇨🇷 Italians · Costa Rica
1207
+17
🇳🇱 Armenians · Netherlands
1176
+18
🇺🇸 Wei · United States
1135
+19
🇧🇩 Lithuanians · Bangladesh
1234
-18
🇨🇳 Vietnamese · China
1231
-18
🇺🇾 Britons · Uruguay
1223
-18
🇹🇼 Franks · Taiwan
1193
-17
Makima = Mommy
9:13 Loom
11:02 Feudal Age
11:53 Horse Collar
12:00 Double-Bit Axe
20:20 Castle Age
18:51 Gold Mining
18:54 Stone Mining
19:47 Wheelbarrow
19:49 Scale Barding Armor
20:54 Bloodlines
21:19 Bow Saw
21:11 Heavy Plow
21:15 Husbandry
25:16 Forging
25:33 Chain Barding Armor
27:45 Iron Casting
27:53 Wheelbarrow
33:47 Ballistics
33:09 Treadmill Crane
34:35 Hand Cart
37:41 Imperial Age
36:20 Tuntian
37:12 Fletching
37:22 Padded Archer Armor
37:23 Scale Mail Armor
39:49 Chemistry
39:19 Ming Guang Armor
39:15 Conscription
39:27 Hand Cart
38:58 Town Watch
40:18 Blast Furnace
39:14 Bodkin Arrow
39:35 Chain Mail Armor
39:35 Leather Archer Armor
39:59 Gold Shaft Mining
40:00 Crop Rotation
40:10 Stone Shaft Mining
40:26 Hoardings
40:36 Murder Holes
40:32 Heated Shot
40:54 Masonry
40:13 Spies/Treason
WesZ
6:05 Loom
9:04 Feudal Age
11:21 Double-Bit Axe
21:31 Castle Age
20:23 Scale Barding Armor
21:03 Forging
22:34 Bow Saw
22:52 Husbandry
26:08 Iron Casting
27:40 Wheelbarrow
27:53 Gold Mining
30:16 Scale Mail Armor
30:36 Chain Barding Armor
32:43 Gold Shaft Mining
31:59 Stone Mining
34:50 Imperial Age
35:15 Hand Cart
34:52 Cavalier
36:09 Plate Barding Armor
36:36 Blast Furnace
36:33 Spies/Treason
37:46 Paladin
tobiasblom1997
7:16 Loom
9:31 Feudal Age
10:16 Double-Bit Axe
10:06 Man-at-Arms
12:21 Long Swordsman
20:28 Scale Mail Armor
23:43 Castle Age
22:33 Forging
22:49 Gold Mining
23:13 Horse Collar
24:29 Gambesons
24:46 Squires
26:20 Two-Handed Swordsman
27:16 Bow Saw
27:09 Fletching
30:09 Arson
31:37 Chain Mail Armor
33:34 Bodkin Arrow
33:08 Champion
40:32 Iron Casting
Rexi
7:26 Loom
9:56 Feudal Age
10:48 Double-Bit Axe
15:28 Wheelbarrow
17:40 Town Watch
20:20 Horse Collar
23:49 Castle Age
21:59 Fletching
22:10 Padded Archer Armor
24:27 Crossbowman
25:31 Thumb Ring
27:09 Bodkin Arrow
29:15 Gold Mining
33:48 Ballistics
35:08 Heavy Plow
41:34 Imperial Age
Oscar_Lee
9:45 Feudal Age
8:05 Loom
10:16 Double-Bit Axe
17:54 Wheelbarrow
20:22 Castle Age
19:13 Scale Barding Armor
19:33 Gold Mining
19:57 Forging
21:45 Husbandry
22:25 Bow Saw
27:09 Chain Barding Armor
29:27 Iron Casting
Akatsukireiha
0:28 Loom
11:11 Feudal Age
12:54 Town Watch
13:38 Fletching
15:07 Padded Archer Armor
16:50 Wheelbarrow
18:56 Horse Collar
22:40 Gold Mining
26:23 Castle Age
25:01 Double-Bit Axe
25:11 Gold Mining
25:11 Stone Mining
25:11 Gold Mining
25:17 Stone Mining
26:25 Crossbowman
27:25 Thumb Ring
27:33 Thumb Ring
28:08 Bodkin Arrow
Chicle
7:42 Loom
10:03 Feudal Age
11:45 Horse Collar
11:59 Double-Bit Axe
15:35 Fletching
24:30 Castle Age
22:58 Padded Archer Armor
23:25 Gold Mining
24:35 Crossbowman
26:26 Bodkin Arrow
CumansCumin
6:24 Loom
9:11 Feudal Age
9:46 Double-Bit Axe
10:08 Horse Collar
16:57 Scale Barding Armor
18:49 Bloodlines
19:40 Wheelbarrow
22:41 Castle Age
20:37 Gold Mining
21:30 Forging
24:05 Chain Barding Armor
23:56 Bow Saw
23:51 Heavy Plow
24:54 Iron Casting
24:21 Husbandry
27:29 Hand Cart
Connection lost

Rejoining the realm…

Still unreachable

The connection could not be restored.

Session expired

The server has moved on; the page needs a fresh start.